 Dungeon Crawl Stone Soup version 0.31.0-4-g52a2dc7128 (webtiles) character file.

Game seed: 18162124545952672966

100 stipulation the Ruffian (level 4, -7/38 HPs)
             Began as a Ghoul Monk on Jan 21, 2024.
             Killed by divine providence
             ... invoked by an orc priest
              (11 damage)
             ... on level 4 of the Dungeon.
             The game lasted 00:01:05 (2155 turns).

stipulation the Ruffian (Ghoul Monk)                Turns: 2155, Time: 00:01:05

Health: -7/38      AC: 10    Str: 16    XL:     4   Next: 73%
Magic:  4/4        EV:  5    Int:  9    God:
Gold:   157        SH:  0    Dex: 11    Spells: 3/3 levels left

rFire   . .          .
                       - Unarmed
rCold   + . .        c - orb {light}
rNeg    + + +        p - +0 plate armour
rPois   ∞            (no helmet)
rElec   .            (no cloak)
rCorr   .            (no gloves)
SInv    .            (no boots)
Will    .....        (no amulet) Stlth
                     (no ring)
HPRegen 0.00/turn    (no ring)
MPRegen 0.09/turn

%: no passive effects
@: inhibited regen, glowing
A: claws 1, cold resistance 1, negative energy resistance 3, inhibited
regeneration, torment resistance 2, devour on kill
a: no special abilities


You were on level 4 of the Dungeon.
You visited 1 branch of the dungeon, and saw 4 of its levels.

You collected 157 gold pieces.

Inventory:

Armour
 a - a +0 robe
 c - an orb of light (worn)
 p - a +0 plate armour (worn)
Scrolls
 d - 2 scrolls of identify {unknown}
 g - 2 scrolls of revelation {unknown}
 h - a scroll of noise {unknown}
 i - a scroll of vulnerability {unknown}
 k - a scroll of enchant weapon {unknown}
 n - a scroll of teleportation {unknown}
 o - a scroll of fog {unknown}
Potions
 b - 2 potions of ambrosia
 e - 2 potions of curing {unknown}
 f - 2 potions of heal wounds {unknown}
 j - a potion of brilliance {unknown}
 l - a potion of degeneration {unknown}
 m - a potion of berserk rage {unknown}


   Skills:
 - Level 3.2 Fighting
 + Level 0.3 Armour
 - Level 2.6 Dodging
 + Level 5.8 Unarmed Combat


You had 3 spell levels left.
You didn't know any spells.
Your spell library contained the following spells:

 Spells                   Type           Power      Damage    Failure   Level
 Foxfire                  Conj/Fire      0%         2x1d4     100%        1
 Necrotise                Necr           0%         1d4       100%        1
 Vampiric Draining        Necr           0%         2d6       100%        3
 Martyr's Knell           Necr/Summ      0%         N/A       100%        4
 Curse of Agony           Necr           0%         N/A       100%        5
 Plasma Beam              Fire/Air       0%         2x1d10    100%        6
 Starburst                Conj/Fire      0%         6d3       100%        6


Dungeon Overview and Level Annotations

Branches:
Dungeon (4/15)
 Temple: D:4-7

Altars:
Gozag
Kikubaaqudgha
Uskayaw


Innate Abilities, Weirdness & Mutations

You are immune to poison.
You have sharp fingernails.
Your flesh is cold resistant. (rC+)
You are immune to negative energy. (rN+++)
You do not regenerate when monsters are visible.
You are immune to unholy pain and torment.
You thrive by killing the living.


Message History

You are too injured to fight recklessly!
You are too injured to fight recklessly!
You are too injured to fight recklessly!
You are too injured to fight recklessly!
You are too injured to fight recklessly!
You are too injured to fight recklessly!
You are too injured to fight recklessly!
You are too injured to fight recklessly!
You are too injured to fight recklessly!
You are too injured to fight recklessly!
You are too injured to fight recklessly!
You are too injured to fight recklessly!
You are too injured to fight recklessly!
You are too injured to fight recklessly!
You are too injured to fight recklessly!
You are too injured to fight recklessly!
You are too injured to fight recklessly!
You are too injured to fight recklessly!
There is an open door here.
The gnoll attacks as it pursues you! The gnoll barely misses you.
The goblin attacks as it pursues you! The goblin hits you but does no damage.
The orc priest mumbles some strange prayers to Beogh against you.
Beogh smites you! The goblin attacks as it pursues you!
The goblin hits you but does no damage.
You hear the slow rusting of a very distant drain.
The gnoll attacks as it pursues you!
The gnoll hits you from afar with a +0 halberd.
The goblin attacks as it pursues you! The goblin hits you with a +0 dagger.
* * * LOW HITPOINT WARNING * * *
The gnoll attacks as it pursues you! The gnoll barely misses you.
The gnoll attacks as it pursues you!
The gnoll hits you from afar with a +0 halberd.
* * * LOW HITPOINT WARNING * * *
The orc priest casts a cantrip, but nothing happens.
There is an open door here.
There is a stone staircase leading up here.
The goblin completely misses you.
The orc priest calls down the wrath of Beogh upon you.
Beogh smites you!
You die...

..###+########
.............)
..............
o....)........
.o............
#'####'######## #####
.............>###...##
..........oo..#......#
.........o..oggg@....#
.............>#......#
..............#......#
..............#+###+##
####+########.....#
#.....# +.....#
#.....+ #.....#


You could see an orc priest, 2 gnolls, 3 orcs and a goblin.

Vanquished Creatures
  A gnoll (D:4)
  4 adders
  A dart slug (D:1)
  An orc (D:3)
  10 endoplasms
  4 giant cockroaches
  4 goblins
  6 hobgoblins
  2 kobolds (D:2)
  2 quokkas
  4 ball pythons
  5 bats
  A frilled lizard (D:2)
  A rat (D:3)
46 creatures vanquished.

Notes
Turn   | Place    | Note
-------+----------+-------------------------------------------
     0 | D:1      | stipulation the Ghoul Monk began the quest for the Orb.
     0 | D:1      | Reached XP level 1. HP: 19/19 MP: 1/1
    98 | D:1      | Reached XP level 2. HP: 26/26 MP: 2/2
   115 | D:1      | Reached skill level 4 in Unarmed Combat
   466 | D:1      | Found a faded altar of an unknown god.
   676 | D:2      | Reached XP level 3. HP: 31/31 MP: 3/3
  1045 | D:2      | Reached skill level 5 in Unarmed Combat
  1420 | D:3      | Reached XP level 4. HP: 33/38 MP: 4/4
  1700 | D:3      | Found an ancient bone altar of Kikubaaqudgha.
  1825 | D:3      | Found an opulent altar of Gozag.
  2054 | D:3      | Found a hide-covered altar of Uskayaw.
  2155 | D:4      | Killed from afar by an orc priest

Illustrated notes

Levels and vault maps discovered:
D:1:      tarquinn_simple_flora_water_d, layout_loops_ring,
          shapermc_ecumenical_altar_flowoftime
D:2:      layout_loops_ring
D:3:      layout_loops_ring, old_standard_altar, mainiacjoe_overflow_swirl,
          chequers_jeans
D:4:      layout_gridville, nicolae_hepliaklqana_monster_ancestors,
          minmay_temple_entry_junction_2, lightli_sewer_entry_pipes, uniq_pikel

Skill      XL: |  1  2  3 |
---------------+----------+-----
Unarmed Combat | 4 5 |  5.8
Fighting       | |  3.2
Armour         | |  0.3
Dodging        | |  2.6

Action                     |  1- 3 |  4- 6 || total
---------------------------+-------+-------++-------
  Melee: Unarmed           |    73 |    39 ||   112
 Armour: Robe              |    23 |    21 ||    44
         Plate armour      |       |     8 ||     8
  Dodge: Dodged            |    24 |    27 ||    51
